[Event "*** Titled Tuesday Blitz"]
[Site "Chess.com"]
[Date "2020.11.24"]
[Round "2"]
[White "lefonghua"]
[Black "MrTattaglia"]
[Result "0-1"]
[WhiteElo "2516"]
[BlackElo "2819"]
[TimeControl "180+1"]
[EndTime "10:33:55 PST"]
[Termination "MrTattaglia won by resignation"]

1. d4 Nf6 2. c4 e6 3. Nc3 Bb4 4. f3 c5 5. d5 O-O 6. e4 b5 7. e5 Ne8 8. f4 exd5 9. cxd5 d6 10. Nf3 c4 11. a4 Nd7 12. Be2 Nc7 13. O-O Bb7 14. Nxb5 Nxb5 15. axb5 Qb6+ 16. Kh1 Qxb5 17. e6 Nf6 18. exf7+ Rxf7 19. Nd4 Qxd5 20. Bf3 Ne4 21. Be3 Bc5 22. Nc2 Qf5 23. Bxc5 Qxc5 24. Qd4 Qxd4 25. Nxd4 Rxf4 26. Nb5 Raf8 27. Rxa7 Nd2 28. Rxb7 Nxf1 29. Kg1 Nd2 30. Bd5+ Kh8 31. h3 R4f5 32. Be6 R5f6 33. Bd5 h5 34. Rd7 Rf5 35. Bc6 h4 36.
Nxd6 Rf1+ 37. Kh2 Kh7 38. Be4+ Nxe4 39. Nxe4 Re1 40. Ng5+ Kg6 41. Nf3 Rxf3 42. gxf3 Re2+ 43. Kg1 Rxb2 44. Rc7 Rc2 45. Rc5 c3 46. Kh1 Kf6 47.
Kg1 g5 48. Kh1 Ke6 49. Kg1 Kd6 50. Rc8 Ke5 51. Rc4 Kd5 52. Rc8 Kd4 53. Rd8+ Ke3 54. Rf8 Rd2 55. Rc8 c2 0-1

[Event "*** Titled Tuesday Blitz"]
[Site "Chess.com"]
[Date "2020.11.24"]
[Round "2"]
[White "Vuk2000"]
[Black "SARGISMV"]
[Result "1-0"]
[WhiteElo "2757"]
[BlackElo "2495"]
[TimeControl "180+1"]
[EndTime "10:33:55 PST"]
[Termination "Vuk2000 won on time"]

1. d4 c5 2. d5 e6 3. c4 exd5 4. cxd5 d6 5. Nc3 a6 6. a4 Ne7 7. e4 Ng6 8. Be3 Be7 9. g3 O-O 10. Bg2 Bf6 11. Nge2 Re8 12. O-O Nd7 13. f4 Rb8 14. Qd3 Qc7 15. b3 Qa5 16. e5 dxe5 17. f5 Ngf8 18. Ne4 b5 19. Nd6 c4 20. bxc4 bxc4 21. Qd2 Qxd2 22. Bxd2 Rd8 23. Ba5 Nb6 24.
Ne4 Nfd7 25. N2c3 Bb7 26. Rab1 Ba8 27. Rfd1 Rdc8 28. Rd2 Be7 29. d6 Bd8 30. Rdb2 g6 31.
fxg6 hxg6 32. Bh3 f5 33. Nd2 Rc5 34. Bf1 Rxa5 35. Nxc4 Rc5 36. a5 Nxc4 37. Rxb8 Nxb8 38. Rxb8 Nxd6 39. Rxd8+ Kf7 40. Na4 Rxa5 41. Nb6 1-0

[Event "*** Titled Tuesday Blitz"]
[Site "Chess.com"]
[Date "2020.11.24"]
[Round "2"]
[White "DonPreuss"]
[Black "Kopytkin"]
[Result "1-0"]
[WhiteElo "2245"]
[BlackElo "2429"]
[TimeControl "180+1"]
[EndTime "10:33:55 PST"]
[Termination "DonPreuss won on time"]

1. d4 Nf6 2. Nc3 g6 3. e4 d5 4. e5 Ne4 5. f3 Nxc3 6. bxc3 c5 7. Bb5+ Nc6 8. Ne2 Qa5 9. Bxc6+ bxc6 10. Bd2 Qa4 11.
O-O Ba6 12. e6 f6 13. Re1 Bg7 14. dxc5 Bxe2 15. Qxe2 O-O 16. Reb1 Rab8 17. Rb3 f5 18. Rab1 Rxb3 19. axb3 Qa2 20. Qd1 Qa5 21. b4 Qb5 22.
Rb3 a5 23. Be3 a4 24. Ra3 Ra8 25. Bd4 Bh6 26. Qe1 Bf4 27. Qh4 Qb8 28. Qxe7 Ra7 29. Qf6 Be3+ 30. Bxe3 Qf8 31. Bd4 Qxf6 32. Bxf6 Kf8 33.
Kf2 Ra8 34. Ke3 Re8 35. Kd4 Rxe6 36. Be5 f4 37. Rxa4 g5 38. Ra7 Kg8 39. Rg7+ Kf8 40. Rxg5 h6 41. Rf5+ Kg8 42. Rxf4 Kh7 43. Rf7+ Kg6 44.
Rg7+ Kh5 45. f4 Re8 46. Ke3 1-0

[Event "*** Titled Tuesday Blitz"]
[Site "Chess.com"]
[Date "2020.11.24"]
[Round "2"]
[White "sboshaon21"]
[Black "mbachez"]
[Result "0-1"]
[WhiteElo "2097"]
[BlackElo "2400"]
[TimeControl "180+1"]
[EndTime "10:33:55 PST"]
[Termination "mbachez won on time"]

1. d4 Nf6 2. c4 c5 3. d5 b5 4.
cxb5 a6 5. bxa6 g6 6. Nc3 Bg7 7. e4 O-O 8. Nf3 d6 9. Bd3 Bxa6 10. O-O Qa5 11. a3 Nbd7 12. Bg5 Rfb8 13. Rb1 Bxd3 14. Qxd3 Rb3 15. Nd2 Ne5 16. Nxb3 Nxd3 17. Nxa5 Rxa5 18.
Rfd1 c4 19. Be3 Ng4 20. Bb6 Ra6 21. Be3 Nxe3 22. fxe3 Bxc3 23. bxc3 Rxa3 24. Rb7 Kf8 25. Rb8+ Kg7 26. h3 Rxc3 27. Rc8 Nb2 28. Rb1 Rc2 29. Ra8 c3 30. Rc8 f5 31. exf5 gxf5 32. Kh2 Nd3 33.
Rb3 Ne1 34. Rbxc3 Rxg2+ 35. Kh1 Re2 36. R8c7 Nf3 37. Rc2 Rxe3 38. Ra7 Kf6 39. Ra4 Rd3 40. Rf2 Ke5 41. Ra5 Rd2 42. Rxd2 Nxd2 43. Ra7 Kf6 44.
Kg2 Ne4 45. Kf3 Nc3 46. Ra5 Ke5 47. Ra7 Nxd5 48. h4 Kf6 49. Ra8 Kf7 50. h5 e5 51.
Ra7+ Kf6 52. Rxh7 e4+ 53. Kf2 f4 54. Rh8 Nc3 55. h6 Kg6 0-1

[Event "*** Titled Tuesday Blitz"]
[Site "Chess.com"]
[Date "2020.11.24"]
[Round "2"]
[White "HajduIstvanCM"]
[Black "Savagelittlemole"]
[Result "0-1"]
[WhiteElo "1696"]
[BlackElo "2590"]
[TimeControl "180+1"]
[EndTime "10:33:56 PST"]
[Termination "Savagelittlemole won on time"]

1. e4 c5 2. Nf3 d6 3. d4 cxd4 4. Nxd4 Nf6 5. Nc3 a6 6. Be2 e5 7. Nb3 Be7 8. a4 O-O 9. O-O Be6 10. Be3 Nbd7 11. f3 Rc8 12. Qd2 Nb6 13. Rac1 Nc4 14. Bxc4 Bxc4 15. Rfd1 Bxb3 16. cxb3 Re8 17. Nd5 Nxd5 18.
Qxd5 Qd7 19. Rxc8 Qxc8 20. Rc1 Qd7 21. Qc4 b5 22. axb5 axb5 23. Qc7 Qe6 24. Qc6 Rb8 25.
Ba7 Rf8 26. Qxb5 Bg5 27. Rc4 h5 28. Qc6 Qf6 29. Bf2 h4 30. h3 Bf4 31. Qd5 Bg3 32.
Qd2 Rb8 33. b4 Qe6 34. Qc2 Qd7 35. Kf1 Qb5 36. Bxg3 hxg3 37. b3 Ra8 38. Ke1 Ra1+ 39. Kd2 Qa6 40. Rc8+ Kh7 41. Rh8+ Kxh8 42. Qc3 Qa2+ 43.
Kd3 Rd1+ 0-1

[Event "*** Titled Tuesday Blitz"]
[Site "Chess.com"]
[Date "2020.11.24"]
[Round "2"]
[White "Manukyan_Artak"]
[Black "Zhigalko_Sergei"]
[Result "0-1"]
[WhiteElo "2359"]
[BlackElo "2900"]
[TimeControl "180+1"]
[EndTime "10:33:57 PST"]
[Termination "Zhigalko_Sergei won on time"]

1. e4 c5 2. Nf3 Nc6 3. c3 Nf6 4. e5 Nd5 5. d4 cxd4 6. cxd4 d6 7. Nc3 e6 8. Bd3 Be7 9. O-O O-O 10. Qe2 Bd7 11.
Qe4 f5 12. exf6 Nxf6 13. Qh4 Qe8 14. Bg5 Qf7 15. Ne4 h6 16. Nxf6+ Bxf6 17. Bxf6 Qxf6 18. Qe4 Qf5 19. Qxf5 exf5 20. Rfe1 Rfe8 21. Kf1 g5 22. Bb5 a6 23. Bxc6 Bxc6 24. Rxe8+ Rxe8 25. Re1 Bb5+ 26. Kg1 Rc8 27. h4 g4 28. Nd2 Rc2 29. Nf1 Rxb2 30. Ne3 Bd3 31. a4 Kf7 32. Nd5 Rb1 33. Rxb1 Bxb1 34. a5 Ke6 35. Nf4+ Kd7 36. d5 Kc7 37. f3 gxf3 38. gxf3 b6 39. axb6+ Kxb6 40. Kf2 a5 41.
Ke3 Kc5 42. Kd2 Ba2 0-1

[Event "*** Titled Tuesday Blitz"]
[Site "Chess.com"]
[Date "2020.11.24"]
[Round "2"]
[White "goldenpuppy"]
[Black "XDPS"]
[Result "0-1"]
[WhiteElo "2383"]
[BlackElo "2714"]
[TimeControl "180+1"]
[EndTime "10:33:58 PST"]
[Termination "XDPS won by resignation"]

1. e4 c5 2. Nf3 e6 3. d4 cxd4 4. Nxd4 a6 5. c4 d6 6. Nc3 Qc7 7. Be3 Be7 8. Rc1 b6 9. Be2 Bb7 10. O-O Nf6 11. f3 O-O 12. Qd2 Nbd7 13. Rfd1 Rac8 14. b3 Qb8 15. Bf1 Bd8 16. g4 Bc7 17. g5 Nh5 18. Bh3 g6 19. Bg4 Ng7 20.
h4 Rce8 21. Qg2 f5 22. gxf6 Nxf6 23. Bh3 d5 24. Bh6 dxe4 25. fxe4 Nfh5 26. Bxg7 Nxg7 27. Rf1 Rxf1+ 28. Rxf1 Be5 29. Nce2 Qd6 30. Nc2 Qd3 31. Nc1 Qxe4 32. Qxe4 Bxe4 33. Re1 Bxc2 34. Rxe5 Kf7 35.
Ne2 Kf6 36. Re3 Bf5 37. Bg2 Rd8 38. b4 Rd2 39. c5 bxc5 40. bxc5 Rxa2 41. c6 Rc2 42.
Nd4 Rc1+ 43. Kf2 e5 44. Ne2 Rc2 45. Ra3 Ne6 46. Ke3 Nf4 47. Bf3 Nxe2 48. Bxe2 Rxc6 49.
Bxa6 Rd6 50. Be2 Rd4 51. Ra7 Rxh4 52. Ra6+ Kg5 53. Ra7 e4 54. Ra5 Rh3+ 55. Kf2 Kf4 56. Ra7 h5 57. Ra5 Rh2+ 58. Ke1 h4 59. Ra3 h3 60. Bf1 g5 61. Ra1 g4 62. Ra3 g3 63.
Ra1 Rb2 64. Ra5 g2 0-1

[Event "*** Titled Tuesday Blitz"]
[Site "Chess.com"]
[Date "2020.11.24"]
[Round "2"]
[White "cstevens1"]
[Black "Oleksandr_Bortnyk"]
[Result "1/2-1/2"]
[WhiteElo "2562"]
[BlackElo "2904"]
[TimeControl "180+1"]
[EndTime "10:33:59 PST"]
[Termination "Game drawn by repetition"]

1. e4 c5 2. Nf3 d6 3. d4 cxd4 4. Nxd4 Nf6 5. f3 g6 6. c4 Bg7 7. Nc3 O-O 8. Be3 Nc6 9. Qd2 Bd7 10. Be2 Nxd4 11. Bxd4 a6 12. Be3 Qa5 13. Rc1 Rac8 14. b3 b5 15. Nd5 Qxd2+ 16. Kxd2 Nxd5 17. cxd5 Bb2 18. Rxc8 Rxc8 19. Rb1 Bc3+ 20. Kd1 f5 21. Bd3 fxe4 22. Bxe4 Kf7 23. Rc1 Be5 24. Rxc8 Bxc8 25. f4 Bf6 26. Kc2 Bb7 27. Kd3 Bb2 28. Bd4 Bxd4 29.
Kxd4 a5 30. a3 Bc8 31. b4 axb4 32. axb4 Bd7 33. g3 Kf6 34. Bd3 h6 35. h4 Kg7 36.
Be2 Kf6 37. Bd3 Kf7 38. Be2 Kg7 39. Ke3 Kf6 40. Bd3 g5 41. fxg5+ hxg5 42. Kd4 Be8 43.
Be4 Bh5 44. Bd3 Be8 45. Be4 gxh4 46. gxh4 Kg7 47. Ke3 Kh6 48. Kf4 Kh5 49. Kg3 Bd7 50. Bf3+ Kg6 51. Kf4 Kf6 52. h5 Be8 53. h6 Bf7 54. Be4 Be8 55. Bd3 Bd7 56. h7 Kg7 57. Kg5 Be8 58. Be4 Bf7 59. Kf4 Be8 60. Kg5 Bf7 61.
Kf4 Be8 62. Kg5 1/2-1/2

[Event "*** Titled Tuesday Blitz"]
[Site "Chess.com"]
[Date "2020.11.24"]
[Round "2"]
[White "bratkoo"]
[Black "Sharpchess22"]
[Result "0-1"]
[WhiteElo "2513"]
[BlackElo "2807"]
[TimeControl "180+1"]
[EndTime "10:33:59 PST"]
[Termination "Sharpchess22 won by resignation"]

1. e4 c6 2. d4 d5 3. e5 Bf5 4. Nf3 e6 5. Be2 Ne7 6. O-O Nd7 7. c4 c5 8. dxc5 Nxc5 9. Nc3 dxc4 10. Bxc4 a6 11.
b4 Qxd1 12. Rxd1 Nd7 13. Bb2 Ng6 14. b5 a5 15. Na4 Rd8 16. Nd4 Ngxe5 17. Nxf5 Nxc4 18.
Nxg7+ Bxg7 19. Bxg7 Rg8 20. Bc3 Rg5 21. Rd4 Rc8 22.
Rad1 Rc7 23. h4 Rxb5 24. Rg4 Nce5 25. Rg8+ Ke7 26. f4 Ng6 27. Be1 Nxf4 28. Bg3 Rc4 29. Kf2 Rxa4 30. Kg1 Rb2 31. Kh1 Rxg2 32. Rg4 Rxg3 33.
Rxg3 Nd5 34. Rg2 Rxh4+ 35. Kg1 N7f6 36. Re1 Rb4 37. Rc2 a4 38. Kf2 b5 39. Kf3 Rf4+ 40.
Kg3 b4 41. Rd2 Rc4 42. Rd3 a3 43. Re2 Rc3 44. Rxc3 Nxc3 45. Rc2 Nfd5 46. Kf3 Kd6 47. Rh2 b3 48. axb3 a2 49. Rh1 Nb4 50. Ra1 Nc2 51. Rxa2 Nxa2 0-1

[Event "*** Titled Tuesday Blitz"]
[Site "Chess.com"]
[Date "2020.11.24"]
[Round "2"]
[White "Ladislav1969"]
[Black "xamax2000"]
[Result "0-1"]
[WhiteElo "2339"]
[BlackElo "2633"]
[TimeControl "180+1"]
[EndTime "10:33:59 PST"]
[Termination "xamax2000 won on time"]

1. e4 c6 2. d4 d5 3. e5 Bf5 4. Nd2 e6 5. Nb3 Nd7 6. Nf3 a6 7. Be3 Rc8 8. Bd3 Bxd3 9. cxd3 Ne7 10. O-O Nf5 11. Rc1 Be7 12. Qd2 O-O 13. Bg5 Bxg5 14. Nxg5 Qe7 15. Rfe1 c5 16. dxc5 Nxc5 17. Nxc5 Rxc5 18.
Nf3 Rfc8 19. d4 R5c7 20. g3 Qd7 21. Kg2 h6 22. h4 Qa4 23. b3 Qa3 24. Rxc7 Rxc7 25.
Re2 Qc1 26. Qxc1 Rxc1 27. g4 Ne7 28. Rd2 Nc6 29. Ng1 Kf8 30. Ne2 Ra1 31. Nc3 Ke7 32. Kf3 Rh1 33. h5 g6 34. hxg6 fxg6 35. Ke2 Rh4 36. Na4 Rxg4 37. Ke3 Re4+ 38. Kf3 Rxd4 39.
Rc2 Nxe5+ 40. Kg3 Rg4+ 41. Kh3 Rf4 42. Nc5 Rb4 43. a3 Rb5 44. b4 a5 0-1

[Event "*** Titled Tuesday Blitz"]
[Site "Chess.com"]
[Date "2020.11.24"]
[Round "2"]
[White "ukchessbomber"]
[Black "Revnov"]
[Result "0-1"]
[WhiteElo "2340"]
[BlackElo "2658"]
[TimeControl "180+1"]
[EndTime "10:33:59 PST"]
[Termination "Revnov won by resignation"]

1. d4 e6 2. c4 Bb4+ 3. Nc3 a5 4. e4 d5 5. a3 Bxc3+ 6. bxc3 dxe4 7. Qg4 Kf8 8. Qxe4 Nf6 9. Qh4 b6 10. Nf3 Nbd7 11.
Ne5 Qe8 12. Bf4 Bb7 13. Bd3 Rc8 14. O-O Nxe5 15. Bxe5 Nd7 16. f4 f5 17. Rae1 Qg6 18.
Rf2 Kf7 19. g4 Nf6 20. Bxf6 gxf6 21. Rfe2 Rce8 22. d5 Qxg4+ 23. Qxg4 fxg4 24. dxe6+ Ke7 25. Bf5 Rd8 26. Bxg4 Rhg8 27. h3 h5 28. Kf2 hxg4 29. Re3 gxh3 30. Rxh3 Rg2+ 31. Ke3 Rg7 32. f5 Rdg8 33.
Kd2 Rg2+ 34. Kc1 R8g7 35. Rd1 Bc6 36. Rh8 Rg8 37. Rh7+ R2g7 38. Rh6 Be8 39. Rh2 Rg5 40. Rhd2 Rxf5 41. Rd8 Re5 42. Rc8 Rc5 43. Rdd8 Rc6 44. Kd2 Rxe6 45. c5 bxc5 46. c4 Rd6+ 47. Rxd6 cxd6 48.
Rc7+ Bd7 49. Ra7 Rg4 50. Rxa5 Rxc4 51. Kd3 Ra4 52. Ra7 0-1

[Event "*** Titled Tuesday Blitz"]
[Site "Chess.com"]
[Date "2020.11.24"]
[Round "2"]
[White "K_A_S_T_O_R"]
[Black "shnitez"]
[Result "1-0"]
[WhiteElo "2791"]
[BlackElo "2505"]
[TimeControl "180+1"]
[EndTime "10:34:00 PST"]
[Termination "K_A_S_T_O_R won by resignation"]

1. e4 c5 2. Nf3 e6 3. d4 cxd4 4. Nxd4 a6 5. Bd3 Bc5 6. Nb3 Be7 7. Qg4 g6 8. Qe2 d6 9. Na3 Nc6 10. Nc4 b5 11. Ne3 Ne5 12. a4 bxa4 13. Rxa4 Nxd3+ 14. Qxd3 Nf6 15. Bd2 O-O 16. f3 Qd7 17. Ra5 Bd8 18.
Ra3 Bb7 19. Bc3 d5 20. Nc5 Qc6 21. Nxb7 Qxb7 22. exd5 Nxd5 23. Nxd5 exd5 24. Qd4 Re8+ 25. Kd1 f6 26. Re1 Rxe1+ 27. Kxe1 Be7 28. Ra5 Rd8 29. Kd1 Kf7 30. Kc1 Rd7 31. Qd3 Rd6 32. b3 Bd8 33. Ra4 Qc6 34. Kb2 Be7 35. Rh4 h5 36. g4 f5 37. Rh3 d4 38. Bd2 fxg4 39. fxg4 Rd5 40. gxh5 gxh5 41. Qh7+ Ke8 42. Rxh5 Rxh5 43. Qxh5+ Kd8 44. Qh8+ Kd7 45. Qxd4+ Kc8 46. Bc3 Kb7 47. h4 Bc5 48. Qc4 Qd6 49. Qe4+ Kb6 50. h5 Kb5 51. Ka2 a5 52. Qa4+ Kb6 53. Bxa5+ Kb7 54. Qb5+ Kc8 55. Qc4 Kb7 56. b4 Ba7 57. Qe4+ Ka6 58.
Kb3 Qg3+ 59. Qd3+ Qxd3+ 60. cxd3 1-0

[Event "*** Titled Tuesday Blitz"]
[Site "Chess.com"]
[Date "2020.11.24"]
[Round "2"]
[White "Artooooo"]
[Black "Andrii_Prydun"]
[Result "1-0"]
[WhiteElo "2747"]
[BlackElo "2345"]
[TimeControl "180+1"]
[EndTime "10:34:00 PST"]
[Termination "Artooooo won by resignation"]

1. Nf3 d5 2. d3 Nf6 3. Nbd2 g6 4. g3 Bg7 5. Bg2 O-O 6. O-O c5 7. e4 Nc6 8. Re1 e5 9. exd5 Nxd5 10. Nc4 Re8 11. a4 f6 12. c3 Be6 13. Nfd2 Qd7 14.
Ne4 b6 15. Qb3 Nc7 16. Qc2 Rad8 17. Bf1 Bh3 18. Ncd6 Re7 19. Bxh3 Qxh3 20. Qb3+ Qe6 21. Qxe6+ Rxe6 22. Nb5 Ne8 23. Rd1 c4 24. f3 cxd3 25. Nf2 a6 26. Na3 e4 27. fxe4 Ne5 28.
Bf4 d2 29. Kg2 Red6 30. Bxe5 fxe5 31. Nc4 R6d7 32. Nxb6 Rb7 33. a5 Bh6 34. Ng4 Bg5 35.
h4 Nf6 36. Nxf6+ Bxf6 37. Nd5 Bg7 38. Rxd2 Rc8 39. b4 Rf7 40. Rf1 Rb7 41. g4 g5 42.
hxg5 Rc6 43. Rf6 Bxf6 44. gxf6 Kf7 45. Kg3 Rd7 46. Kh4 Rxc3 47. Kg5 Rf3 48. Rh2 Ke6 49. Rc2 Rd6 50. Rc7 Rxd5 51. exd5+ Kxd5 52. Rxh7 Kc4 53. Re7 Kxb4 54. Rxe5 1-0

[Event "*** Titled Tuesday Blitz"]
[Site "Chess.com"]
[Date "2020.11.24"]
[Round "2"]
[White "lacafi"]
[Black "Triumphmate"]
[Result "1-0"]
[WhiteElo "2214"]
[BlackElo "2425"]
[TimeControl "180+1"]
[EndTime "10:34:00 PST"]
[Termination "lacafi won by checkmate"]

1. d4 d5 2. Nf3 e6 3. e3 f5 4. Be2 Nf6 5. O-O Bd6 6. b3 O-O 7. Bb2 c6 8. c4 Nbd7 9. Ne5 Ne4 10. f3 Nef6 11. Nd2 Qc7 12. f4 Ne4 13. Nxe4 fxe4 14. Rc1 Nf6 15. a3 Bd7 16. b4 Qd8 17. Qb3 a6 18. a4 Qe7 19. c5 Bc7 20. b5 axb5 21. axb5 Qe8 22. Ra1 Qe7 23. b6 Rxa1 24. Rxa1 Bb8 25. Ra8 Bxe5 26. Rxf8+ Qxf8 27. fxe5 Ne8 28. Qa4 Qe7 29. Qa8 Qh4 30. Bc3 Qg5 31. Bd2 h6 32.
Qxb7 Qd8 33. Bh5 Kh7 34. Bxe8 Qxe8 35. h3 Bc8 36. Qc7 Ba6 37. b7 Bxb7 38. Qxb7 Qh5 39.
Qb1 Qe2 40. Qe1 Qd3 41. Bc1 Qc2 42. Qd2 Qb3 43. Kh2 h5 44. Kg3 g6 45. Kf2 Qc4 46. Bb2 Qb3 47. Bc3 Qc4 48. Ba5 Qa2 49. Qxa2 Kh6 50. Qb3 h4 51. Qb6 Kg5 52. Qxc6 Kf5 53.
Qd6 g5 54. c6 g4 55. hxg4+ Kg5 56. c7 h3 57. gxh3 Kh4 58. c8=Q Kg5 59. Qg8+ Kh4 60. Qh7+ Kg5 61. Qh5# 1-0

[Event "*** Titled Tuesday Blitz"]
[Site "Chess.com"]
[Date "2020.11.24"]
[Round "2"]
[White "kanzaww"]
[Black "Witik"]
[Result "0-1"]
[WhiteElo "2470"]
[BlackElo "2704"]
[TimeControl "180+1"]
[EndTime "10:34:01 PST"]
[Termination "Witik won on time"]

1. e4 c6 2. d4 d5 3. Nd2 dxe4 4. Nxe4 Nf6 5. Nxf6+ exf6 6. c3 Bd6 7. Bd3 O-O 8.
Qc2 Re8+ 9. Ne2 h5 10. Be3 Nd7 11. O-O-O Nf8 12. Ng3 g6 13. Ne4 Be7 14. h4 Be6 15. Kb1 a5 16. c4 a4 17. Nc3 a3 18.
b3 Qa5 19. f3 f5 20. Bh6 Bf6 21. Ne2 b5 22. cxb5 cxb5 23. Qd2 Qb6 24. Bg5 Bh8 25. Be3 Red8 26. Qb4 Bd5 27. Nf4 Ne6 28. Nxe6 Bxe6 29. Bc2 Rac8 30. Rhe1 Bd5 31. Bg5 Re8 32. Re7 Bg7 33.
Rde1 Rxe7 34. Rxe7 Bxd4 35. Rd7 Bc3 36. Qe7 Be6 37. Rd8+ Rxd8 38. Qxd8+ Qxd8 39. Bxd8 b4 40. Bd3 Bd5 41. Be7 f6 42. Kc2 Kf7 43. Bc5 Be6 44. Bb5 g5 45. Kd3 Bxb3 46. axb3 a2 0-1

[Event "*** Titled Tuesday Blitz"]
[Site "Chess.com"]
[Date "2020.11.24"]
[Round "2"]
[White "Bathory44"]
[Black "VerdeNotte"]
[Result "1/2-1/2"]
[WhiteElo "2563"]
[BlackElo "2907"]
[TimeControl "180+1"]
[EndTime "10:34:02 PST"]
[Termination "Game drawn by stalemate"]

1. e4 c5 2. c3 d5 3. exd5 Qxd5 4. d4 Nc6 5. Nf3 Bf5 6. Be2 cxd4 7. cxd4 Bxb1 8. Rxb1 e6 9. O-O Nf6 10. b4 Bd6 11. b5 Ne7 12. Ne5 Nf5 13. Bb2 Bxe5 14.
dxe5 Qxd1 15. Rfxd1 Nd5 16. Bf3 O-O-O 17. Ba3 h5 18.
Rd3 Nf4 19. Rc1+ Kb8 20. Rdc3 Nd4 21. Bd6+ Rxd6 22. exd6 Nxf3+ 23. gxf3 Ne2+ 24. Kg2 Nxc1 25. Rxc1 Rd8 26. Rc7 Rxd6 27. Rxf7 Rd5 28. a4 Rg5+ 29. Kh3 g6 30. f4 Rg1 31. Re7 Ra1 32. Rxe6 Rxa4 33.
Rxg6 Rxf4 34. Kg3 Rf5 35. b6 axb6 36. Rxb6 Kc7 37. Rb1 b5 38. f4 Kd6 39. Kf3 Rc5 40. Ke4 Ke6 41. Rb4 h4 42. h3 Rc4+ 43. Rxc4 bxc4 44. Kd4 Kf5 45. Kxc4 Kxf4 46. Kd3 Kf3 47. Kd2 Kf2 48. Kd1 Kf1 49. Kd2 Kf2 50. Kd1 Kg3 51. Ke2 Kg2 52. Ke1 Kg1 53. Ke2 Kg2 54. Ke1 Kxh3 55. Kf2 Kh2 56. Kf1 Kh1 57. Kf2 h3 58.
Kf1 h2 59. Kf2 1/2-1/2

[Event "*** Titled Tuesday Blitz"]
[Site "Chess.com"]
[Date "2020.11.24"]
[Round "2"]
[White "politeplayer"]
[Black "kot60"]
[Result "0-1"]
[WhiteElo "2231"]
[BlackElo "2446"]
[TimeControl "180+1"]
[EndTime "10:34:02 PST"]
[Termination "kot60 won on time"]

1. f4 c5 2. Nf3 Nc6 3. e3 d6 4. Bb5 Bd7 5. O-O g6 6. d4 Bg7 7. d5 Nb8 8. Be2 Nh6 9. Nc3 Nf5 10. g4 Nh6 11. h3 f5 12. Ng5 O-O 13. Bd2 Qc8 14.
Ne6 Bxe6 15. dxe6 Qxe6 16. Bf3 Qd7 17. g5 Nf7 18. h4 Nc6 19. Qe2 e6 20. h5 Rfe8 21. h6 Bh8 22. Rad1 d5 23. Na4 b6 24. Bc3 d4 25. Be1 Rad8 26. b3 Qc7 27. Qg2 Ne7 28. e4 Qxf4 29. exf5 Qxg5 30. fxg6 Qxg2+ 31. Bxg2 Nxg6 32. Bg3 Nxh6 33. Nb2 Nf5 34. Bf2 Ne3 35. Bxe3 dxe3 36.
Rxd8 Rxd8 37. Nd3 Bc3 38. Bf3 Rf8 39. Bg4 Rxf1+ 40. Kxf1 Kf7 41. Ke2 Bd2 42. c4 Kf6 43. Bh5 Ne5 44. Nxe5 Kxe5 45. Bf7 Kf6 46. Be8 Kg5 47.
Bd7 e5 48. Kf3 h5 0-1

[Event "*** Titled Tuesday Blitz"]
[Site "Chess.com"]
[Date "2020.11.24"]
[Round "2"]
[White "Pelopidass"]
[Black "Ze-Pequeno"]
[Result "0-1"]
[WhiteElo "2585"]
[BlackElo "2259"]
[TimeControl "180+1"]
[EndTime "10:34:04 PST"]
[Termination "Ze-Pequeno won by checkmate"]

1. e4 c5 2. Nf3 d6 3. b3 Nc6 4.
Bb2 e5 5. Bc4 g6 6. O-O Bg7 7. Nc3 h6 8. Nd5 Nge7 9. c3 O-O 10.
d4 exd4 11. cxd4 Nxd5 12. Bxd5 Bg4 13. Bxc6 bxc6 14. e5 cxd4 15. exd6 Qxd6 16. h3 Bxf3 17. Qxf3 c5 18. Rac1 Rfd8 19. Rfd1 Qd5 20. Qf4 Rac8 21. Rc4 Re8 22. Ba3 Bf8 23. h4 h5 24. Rdc1 Re4 25.
Qf3 Qe5 26. g3 Re2 27. Kg2 Rxa2 28. b4 Rd8 29. bxc5 d3 30. R4c3 d2 31. Rd1 Qd5 32. Qxd5 Rxd5 33. Kf3 Bg7 34. Re3 f5 35. Ke2 Kf7 36. Bb4 a5 37. Bxd2 Rxc5 38. Rd3 Rcc2 39. Ke1 a4 40. Be3 Bc3+ 41. Kf1 a3 42. Rd7+ Ke6 43.
R1d6+ Ke5 44. Bf4+ Ke4 45. Re7+ Kf3 46. Rd3+ Kg4 47.
f3+ Kh3 48. Rd1 Rf2+ 49. Kg1 Rg2+ 50. Kf1 Raf2# 0-1

[Event "*** Titled Tuesday Blitz"]
[Site "Chess.com"]
[Date "2020.11.24"]
[Round "2"]
[White "malakismayil"]
[Black "ZEN-22"]
[Result "1-0"]
[WhiteElo "2256"]
[BlackElo "2438"]
[TimeControl "180+1"]
[EndTime "10:34:05 PST"]
[Termination "malakismayil won by checkmate"]

1. e4 d5 2. exd5 c6 3. Nf3 cxd5 4. d4 Nc6 5. Bd3 Bg4 6. c3 e5 7. dxe5 Nxe5 8. Bb5+ Nc6 9. O-O Bc5 10. Re1+ Ne7 11. Bg5 h6 12. Bxc6+ bxc6 13. Bxe7 Bxe7 14. Qe2 Bxf3 15. Qxf3 O-O 16. Nd2 Rb8 17. Nb3 Bd6 18. Rad1 a5 19. Re2 a4 20. Nd4 Qc7 21. h3 Rfe8 22.
Rde1 Rxe2 23. Rxe2 g6 24. Qe3 Kg7 25. Nf3 c5 26.
Qd3 Rd8 27. Kh1 Be7 28. Ne5 h5 29. f4 Bf6 30. Qb5 a3 31. bxa3 Rb8 32. Qd3 Qd6 33. a4 Rd8 34. Qb5 Rb8 35. Qd3 Rd8 36. Qb5 c4 37.
Qb7 Bxe5 38. fxe5 Qe6 39. a5 Rd7 40. Qb6 Re7 41. Qxe6 fxe6 42. Rb2 Ra7 43. Rb5 Kf7 44. Kg1 Ke7 45. Kf2 Kd7 46. Ke3 Kc6 47. Rb6+ Kc5 48. Rxe6 Rxa5 49. Rxg6 Rxa2 50. Rg8 Rc2 51. Rc8+ Kb6 52.
e6 Rxc3+ 53. Kf4 Rc2 54. e7 Re2 55. e8=Q Rxe8 56. Rxe8 Kc5 57. Rc8+ Kd4 58. g4 h4 59. g5 c3 60. g6 Kd3 61. g7 d4 62. g8=Q Kc2 63. Qc4 Kd2 64. Qxd4+ Ke2 65. Qxc3 Kf1 66.
Qf3+ Ke1 67. Rc1+ Kd2 68. Rd1+ Kc2 69. Qd3+ Kb2 70. Rb1+ Ka2 71. Qb3# 1-0

[Event "*** Titled Tuesday Blitz"]
[Site "Chess.com"]
[Date "2020.11.24"]
[Round "2"]
[White "Jospem"]
[Black "Dave_ChessMate"]
[Result "1-0"]
[WhiteElo "3054"]
[BlackElo "2467"]
[TimeControl "180+1"]
[EndTime "10:34:07 PST"]
[Termination "Jospem won on time"]

1. e4 e5 2. Nf3 Nf6 3. Nxe5 d6 4.
Nf3 Nxe4 5. d4 d5 6. Bd3 Nf6 7. h3 Be7 8. O-O O-O 9. Bf4 c5 10. dxc5 Bxc5 11. Nbd2 Nc6 12. Nb3 Bb6 13. c3 h6 14.
Nfd4 Bc7 15. Bxc7 Qxc7 16. Re1 Bd7 17. Nxc6 bxc6 18. Nc5 Rfe8 19. Qf3 Rxe1+ 20. Rxe1 Re8 21. Rxe8+ Bxe8 22. b4 Qe5 23. Be2 Ne4 24. Nxe4 Qxe4 25. Qxe4 dxe4 26. f3 exf3 27. Bxf3 Kf8 28. Kf2 Ke7 29. Ke3 Kd6 30. Kd4 f6 31. a4 Bf7 32.
c4 Be6 33. a5 Bd7 34. Be2 Bf5 35. b5 c5+ 36. Ke3 g5 37. Bf3 Be6 38. b6 a6 39.
Kd3 f5 40. Bb7 g4 41. hxg4 fxg4 42. Bxa6 h5 43. Bb7 h4 44. a6 g3 45. a7 Bf5+ 46. Ke3 h3 47. gxh3 1-0

[Event "*** Titled Tuesday Blitz"]
[Site "Chess.com"]
[Date "2020.11.24"]
[Round "2"]
[White "ErikRonka"]
[Black "GMKrikor"]
[Result "1-0"]
[WhiteElo "2402"]
[BlackElo "2726"]
[TimeControl "180+1"]
[EndTime "10:34:07 PST"]
[Termination "ErikRonka won on time"]

1. d4 Nf6 2. Bf4 c5 3. d5 d6 4.
Nc3 e5 5. dxe6 Bxe6 6. e4 Nc6 7.
Nf3 Be7 8. Qd2 O-O 9. Bd3 d5 10.
exd5 Nxd5 11. Nxd5 Qxd5 12. Be2 Qf5 13. Bd3 Qh5 14.
O-O-O Rad8 15. Qe3 Bf6 16. h3 c4 17. Be4 c3 18. b3 Qa5 19. Kb1 Nb4 20. a4 Nc6 21. g4 b5 22. Qc5 bxa4 23. Qxa5 Nxa5 24. g5 Be7 25. bxa4 Rb8+ 26. Bxb8 Rxb8+ 27. Ka1 Ba3 28. Rb1 Bb2+ 29. Rxb2 cxb2+ 30. Kb1 Nc4 31. Ka2 Nd6+ 32. c4 Bxc4+ 33. Kb1 Nxe4 34. Kc2 b1=Q+ 35. Rxb1 Bd3+ 36. Kxd3 Rxb1 37. Kxe4 Rb4+ 38. Nd4 Rxa4 39. Kd5 Ra2 40. f4 Rh2 41. Ke4 Rxh3 42. Ke5 Re3+ 43. Kd6 Rd3 44.
Ke5 Rxd4 45. Kxd4 h5 46. Ke5 h4 47. f5 1-0